[Event "Titled Tuesday Blitz June 29 2021"]
[White "PlotnikovPavel"]
[Black "Hikaru"]
[WhiteElo "2470"]
[BlackElo "3161"]
[Result "0-1"]
[Round "01"]
[TimeControl "180+1"]
[Date "2021.06.29"]
[WhiteClock "0:01:31"]
[BlackClock "0:01:59"]

1. e4 g6 2. d4 Bg7 3. Nc3 c6 4. Nge2 d5 5. e5 f6 6. Bf4 Nh6 7. Qd2 Nf7 8. exf6 exf6 9. O-O-O O-O 10. h4 Re8 11. Be3 Nd7 12. Nf4 Nb6 13. b3 Nd6 14. f3 Nf5 15. Bf2 Bh6 16. g4 Qd6 17. Nce2 Rxe2 18. Qxe2 Bxf4+ 19. Kb2 Ng7 20. Be3 Bd7 21. Bxf4 Qxf4 22. Qd3 Re8 23. Be2 Qe3 24. Qxe3 Rxe3 25. Rhe1 Ne6 26. c3 Nf4 27. Rd2 Nc8 28. Kc2 Nd6 29. Kd1 Rxc3 30. Bf1 Rxf3 31. Bg2 Nxg2 32. Rxg2 Ne4 33. Kc2 Rf4 34. g5 Rxh4 35. gxf6 Bf5 36. Kb2 Kf7 37. b4 Nd6 38. a4 Kxf6 39. Kc3 Rh3+ 40. Kb2 Nc4+ 41. Ka2 Ra3# 0-1


[Site "https://www.chess.com"]

[Event "Titled Tuesday Blitz June 29 2021"]
[White "RobertoJBM"]
[Black "KetiGrant"]
[WhiteElo "2660"]
[BlackElo "2348"]
[Result "1-0"]
[Round "01"]
[TimeControl "180+1"]
[Date "2021.06.29"]
[WhiteClock "0:01:41"]
[BlackClock "0:00:02"]

1. d4 Nf6 2. c4 g6 3. Nc3 Bg7 4. e4 d6 5. Nf3 O-O 6. Be2 e5 7. O-O Nc6 8. d5 Ne7 9. b4 Nh5 10. Re1 Kh8 11. c5 a5 12. Ba3 Nf4 13. Bf1 f5 14. bxa5 Rxa5 15. Bb4 Ra8 16. Nd2 fxe4 17. Ndxe4 Nf5 18. a4 Rf7 19. cxd6 cxd6 20. Nb5 Bf8 21. Bc4 Qh4 22. f3 Ra6 23. Ra3 Qd8 24. a5 Nh4 25. Bf1 1-0


[Site "https://www.chess.com"]

[Event "Titled Tuesday Blitz June 29 2021"]
[White "Rodalquilar"]
[Black "Smile2005"]
[WhiteElo "2737"]
[BlackElo "2387"]
[Result "1-0"]
[Round "01"]
[TimeControl "180+1"]
[Date "2021.06.29"]
[WhiteClock "0:00:06"]
[BlackClock "0:00:03"]

1. d4 Nf6 2. Bg5 d5 3. Nd2 Nbd7 4. Ngf3 g6 5. e3 Bg7 6. Bd3 O-O 7. O-O c5 8. c3 Qc7 9. h3 e5 10. dxe5 Nxe5 11. Nxe5 Qxe5 12. Nf3 Qc7 13. Qa4 Bd7 14. Qh4 Qb6 15. a4 Rfe8 16. a5 Qc6 17. Bh6 Ne4 18. Bxg7 Kxg7 19. Rfd1 Qf6 20. Qf4 Qxf4 21. exf4 Bc6 22. Ne5 f6 23. Nxc6 bxc6 24. Re1 f5 25. Re2 Nd6 26. Re5 c4 27. Bc2 Rab8 28. Ba4 Rxb2 29. Bxc6 Rxe5 30. fxe5 Ne4 31. Bxd5 Nxf2 32. Bxc4 Ne4 33. e6 Kf6 34. Rd1 Ng5 35. Rd7 Rb1+ 36. Kh2 Nxe6 37. Rd6 Re1 38. Ra6 f4 39. h4 h5 40. Bd5 Kf5 41. Bxe6+ Rxe6 42. Rxa7 Rc6 43. Rf7+ Ke6 44. Rxf4 Rxc3 45. Ra4 Rc7 46. a6 Ra7 47. Ra5 Kf6 48. Kg3 Ke6 49. Kf4 Kf6 50. g3 Ke6 51. Ra1 Kf7 52. Ke5 Ke7 53. Kd5 Kd7 54. Kc5 1-0


[Site "https://www.chess.com"]

[Event "Titled Tuesday Blitz June 29 2021"]
[White "SaraBlackPanther"]
[Black "Flopezin"]
[WhiteElo "2703"]
[BlackElo "2367"]
[Result "1-0"]
[Round "01"]
[TimeControl "180+1"]
[Date "2021.06.29"]
[WhiteClock "0:02:26"]
[BlackClock "0:02:16"]

1. d4 Nf6 2. c4 e6 3. Nf3 c5 4. d5 d6 5. Nc3 exd5 6. cxd5 g6 7. Bf4 Bg7 8. Qa4+ Bd7 9. Qb3 Qc7 10. e4 a6 11. e5 Nh5 12. exd6 Qc8 13. Be3 Bg4 14. Nd2 O-O 15. h3 Bd7 16. Nc4 b5 17. Nb6 Qb7 18. Nxa8 Qxa8 19. Be2 Nf6 20. Bxc5 Ne8 21. O-O Nf6 22. a4 Rc8 23. Bd4 bxa4 24. Nxa4 Bxa4 25. Rxa4 Nbd7 26. Rxa6 1-0


[Site "https://www.chess.com"]

[Event "Titled Tuesday Blitz June 29 2021"]
[White "Semen_Khanin"]
[Black "elene-tsotsonava"]
[WhiteElo "2753"]
[BlackElo "2395"]
[Result "0-1"]
[Round "01"]
[TimeControl "180+1"]
[Date "2021.06.29"]
[WhiteClock "0:00:36"]
[BlackClock "0:00:41"]

1. Nf3 d5 2. g3 Nf6 3. Bg2 Nc6 4. d4 Bf5 5. O-O e6 6. c3 h6 7. a4 Bd6 8. a5 Ne7 9. Na3 a6 10. Ne5 O-O 11. c4 c6 12. c5 Bxe5 13. dxe5 Nd7 14. Qd4 Qxa5 15. b4 Qc7 16. Bb2 f6 17. exf6 Nxf6 18. h3 Bh7 19. g4 Ng6 20. f4 Nh4 21. Bh1 Be4 22. Bxe4 Nxe4 23. Nc2 Rae8 24. Ne3 Ng3 25. Rf2 Rxf4 26. Qxf4 Nxe2+ 27. Rxe2 Qxf4 28. Rf1 Qg3+ 29. Ng2 Nf3+ 30. Rxf3 Qxf3 31. Re3 Qd1+ 32. Kh2 e5 33. Bxe5 d4 34. Re4 d3 35. Nf4 Qf3 0-1


[Site "https://www.chess.com"]

[Event "Titled Tuesday Blitz June 29 2021"]
[White "Sergey85Rodchenkov"]
[Black "Oleksandr_Bortnyk"]
[WhiteElo "2466"]
[BlackElo "3010"]
[Result "0-1"]
[Round "01"]
[TimeControl "180+1"]
[Date "2021.06.29"]
[WhiteClock "0:00:37"]
[BlackClock "0:01:59"]

1. e4 Nf6 2. e5 Nd5 3. d4 d6 4. c4 Nb6 5. exd6 cxd6 6. Nc3 g6 7. Be3 Bg7 8. Rc1 h5 9. b3 Bg4 10. Qd2 O-O 11. h3 Bf5 12. Bd3 Bxd3 13. Qxd3 e5 14. dxe5 dxe5 15. Qxd8 Rxd8 16. Nf3 Nc6 17. Rd1 f5 18. Ke2 e4 19. Nh4 Bxc3 20. Nxg6 Kf7 21. Nf4 h4 22. Rxd8 Rxd8 23. Bxb6 axb6 24. Nd5 Bd4 0-1


[Site "https://www.chess.com"]

[Event "Titled Tuesday Blitz June 29 2021"]
[White "SergeyShtyka"]
[Black "SantoBlue"]
[WhiteElo "2411"]
[BlackElo "2788"]
[Result "0-1"]
[Round "01"]
[TimeControl "180+1"]
[Date "2021.06.29"]
[WhiteClock "0:00:51"]
[BlackClock "0:01:15"]

1. e4 c5 2. Nf3 e6 3. d4 cxd4 4. Nxd4 a6 5. Nc3 b5 6. Bd3 Bb7 7. O-O d6 8. a3 Nf6 9. Be3 Be7 10. f4 Nbd7 11. Qf3 Nc5 12. Rae1 Rc8 13. Kh1 O-O 14. Bf2 g6 15. Qh3 e5 16. fxe5 dxe5 17. Nb3 Nxd3 18. Qxd3 Qxd3 19. cxd3 Rfd8 20. d4 Ng4 21. Bg1 Bxa3 22. bxa3 Rxc3 23. Nc5 Bc8 24. h3 exd4 25. Nxa6 Bxa6 26. hxg4 Rxa3 27. Ra1 b4 28. Rxa3 bxa3 29. Ra1 d3 30. Be3 d2 31. Bxd2 Rxd2 32. Rxa3 Bb7 33. Re3 Rd4 34. e5 Rxg4 35. e6 Bxg2+ 36. Kh2 fxe6 37. Rxe6 Bd5 38. Re5 Bf7 39. Kh3 h5 0-1


[Site "https://www.chess.com"]

[Event "Titled Tuesday Blitz June 29 2021"]
[White "Shahaliyev"]
[Black "harlem4brew"]
[WhiteElo "2725"]
[BlackElo "2385"]
[Result "1-0"]
[Round "01"]
[TimeControl "180+1"]
[Date "2021.06.29"]
[WhiteClock "0:02:12"]
[BlackClock "0:01:48"]

1. e4 c5 2. Nf3 d6 3. d4 cxd4 4. Nxd4 Nf6 5. Nc3 a6 6. Rg1 h5 7. Bg5 e5 8. Nf5 Bxf5 9. exf5 Be7 10. Bc4 Nc6 11. Bxf6 Bxf6 12. Bd5 Rc8 13. Ne4 Be7 14. c3 Qb6 15. Qe2 Nd8 16. O-O-O h4 17. g4 Nc6 18. Kb1 Rf8 19. g5 f6 20. gxf6 gxf6 21. Be6 Rd8 22. Qh5+ 1-0


[Site "https://www.chess.com"]

[Event "Titled Tuesday Blitz June 29 2021"]
[White "ShapkinAnatoliy"]
[Black "PowerThinking2650"]
[WhiteElo "2706"]
[BlackElo "2375"]
[Result "0-1"]
[Round "01"]
[TimeControl "180+1"]
[Date "2021.06.29"]
[WhiteClock "0:00:49"]
[BlackClock "0:00:08"]

1. d4 Nf6 2. c4 g6 3. Nc3 Bg7 4. Nf3 O-O 5. e4 d6 6. Be2 e5 7. O-O Nc6 8. dxe5 dxe5 9. Bg5 Qxd1 10. Rfxd1 Bg4 11. h3 Bxf3 12. Bxf3 Nd4 13. Nd5 Nxd5 14. cxd5 Rac8 15. Rac1 f5 16. Kf1 Rf7 17. Be3 Nxf3 18. gxf3 f4 19. Bxa7 Ra8 20. Bc5 Rxa2 21. Ba3 Bf8 22. Bxf8 Kxf8 23. Rc2 Ke8 24. Rdc1 Kd8 25. Ke2 Rd7 26. b4 Rxc2+ 27. Rxc2 Rd6 28. Kd3 Ra6 29. Ke2 Ra4 30. Rb2 b5 31. Kf1 Kd7 32. Kg2 g5 33. h4 gxh4 34. Kh3 Ra3 35. Kg4 h3 36. Rb1 h5+ 37. Kf5 Rxf3 38. Kxe5 h2 39. Kf6 Rxf2 40. e5 Rg2 41. e6+ Kd6 42. Rh1 Re2 43. e7 Rxe7 44. Rxh2 Re4 45. Rxh5 Rxb4 46. Rh8 Kxd5 47. Kf5 c5 48. Rd8+ Kc4 49. Kxf4 Kb3+ 50. Ke3 c4 51. Kd2 Ra4 52. Rh8 Ra2+ 53. Kc1 Ra1+ 54. Kd2 b4 55. Ke3 c3 56. Kd4 c2 57. Rh3+ Kb2 58. Kc4 b3 59. Kb4 c1=Q 60. Rxb3+ Ka2 61. Ka4 Qc2 0-1


[Site "https://www.chess.com"]

[Event "Titled Tuesday Blitz June 29 2021"]
[White "Sharpchess22"]
[Black "iceboy88"]
[WhiteElo "2854"]
[BlackElo "2440"]
[Result "1-0"]
[Round "01"]
[TimeControl "180+1"]
[Date "2021.06.29"]
[WhiteClock "0:01:46"]
[BlackClock "0:00:13"]

1. d4 Nf6 2. Bg5 d5 3. Nd2 Nbd7 4. e3 h6 5. Bh4 e6 6. Bd3 c5 7. c3 Bd6 8. f4 a6 9. Ngf3 b5 10. a3 Qb6 11. O-O Bb7 12. Kh1 Ne4 13. Ne5 Nxd2 14. Nxd7 Kxd7 15. Qxd2 f5 16. a4 c4 17. Bc2 g5 18. Bg3 h5 19. fxg5 Bxg3 20. hxg3 Rag8 21. e4 dxe4 22. d5 Bxd5 23. axb5 axb5 24. Rxf5 exf5 25. Qxd5+ Kc7 26. Qe5+ Kb7 27. Qxf5 Re8 28. Bxe4+ Kc7 29. Qf7+ Kd6 30. Rd1+ Ke5 31. Qf5# 1-0


[Site "https://www.chess.com"]

[Event "Titled Tuesday Blitz June 29 2021"]
[White "Spriteball"]
[Black "HomelessSteven"]
[WhiteElo "2384"]
[BlackElo "2718"]
[Result "0-1"]
[Round "01"]
[TimeControl "180+1"]
[Date "2021.06.29"]
[WhiteClock "0:00:13"]
[BlackClock "0:00:17"]

1. d4 Nf6 2. c4 g6 3. Nc3 Bg7 4. e4 O-O 5. Nf3 d6 6. Be2 e5 7. O-O Nc6 8. d5 Ne7 9. b4 Nh5 10. c5 Nf4 11. Bxf4 exf4 12. Rc1 a5 13. a3 axb4 14. axb4 h6 15. Nd4 c6 16. dxc6 dxc5 17. Ndb5 bxc6 18. Nd6 cxb4 19. Na4 Ba6 20. Bxa6 Rxa6 21. Nc5 Ra3 22. Rb1 Bc3 23. Nc4 Qxd1 24. Rfxd1 Ra7 25. e5 Nd5 26. Ne4 Re8 27. f3 Bxe5 28. Rbc1 f5 29. Ned6 Re6 30. Nxe5 Rxe5 31. Rxc6 Nc3 32. Rc8+ Kg7 33. Rf1 Re2 34. Ne8+ Kf7 35. Nd6+ Kf6 36. Rc6 Kg7 37. Nc8 Raa2 38. Rc7+ Kf8 39. Kh1 Rxg2 40. Re1 Rxh2+ 41. Kg1 Rag2+ 42. Kf1 Rh1+ 43. Kxg2 Rxe1 44. Nd6 Re2+ 45. Kf1 Re3 46. Rf7+ Kg8 47. Rf6 Rxf3+ 48. Kg2 Rg3+ 49. Kf1 Ne4 50. Nxe4 fxe4 51. Rxf4 Rf3+ 52. Rxf3 exf3 53. Kf2 b3 54. Kxf3 b2 0-1


[Site "https://www.chess.com"]

[Event "Titled Tuesday Blitz June 29 2021"]
[White "Supernotar"]
[Black "bibliotecamunicipal"]
[WhiteElo "2704"]
[BlackElo "2370"]
[Result "1/2-1/2"]
[Round "01"]
[TimeControl "180+1"]
[Date "2021.06.29"]
[WhiteClock "0:02:32"]
[BlackClock "0:02:09"]

1. d4 Nf6 2. c4 g6 3. Nf3 Bg7 4. Nc3 d6 5. e4 Bg4 6. Be2 O-O 7. Ng1 Bxe2 8. Ngxe2 c5 9. d5 e6 10. O-O exd5 11. exd5 a6 12. a4 Re8 13. b3 Ne4 14. Bb2 Nd7 15. Qc2 Nxc3 16. Nxc3 Qe7 17. Qd2 h5 18. Rfe1 Qf6 19. Rxe8+ Rxe8 20. Re1 Rxe1+ 21. Qxe1 Ne5 22. Qe2 1/2-1/2


[Site "https://www.chess.com"]

[Event "Titled Tuesday Blitz June 29 2021"]
[White "TheBigBoss04"]
[Black "sbouchet"]
[WhiteElo "2775"]
[BlackElo "2404"]
[Result "1-0"]
[Round "01"]
[TimeControl "180+1"]
[Date "2021.06.29"]
[WhiteClock "0:00:05"]
[BlackClock "0:00:02"]

1. d4 Nf6 2. Bf4 g6 3. Nc3 Bg7 4. e4 d6 5. Qd2 c6 6. h4 h5 7. f3 b5 8. a3 Nbd7 9. e5 Nd5 10. Nxd5 cxd5 11. exd6 O-O 12. O-O-O exd6 13. Bxd6 Re8 14. Nh3 Nb6 15. Be5 f6 16. Bg3 Bf5 17. Bd3 Nc4 18. Qf4 Kh7 19. Kb1 Bxd3 20. cxd3 Ne3 21. Rc1 Nf5 22. Rc7 Re7 23. Rxe7 Qxe7 24. Re1 Qd7 25. Bh2 b4 26. g4 Bh6 27. g5 fxg5 28. Nxg5+ Bxg5 29. hxg5 bxa3 30. bxa3 Qb5+ 31. Ka2 Rc8 32. Qd2 Nxd4 33. Rb1 Qa4 34. Rb2 Kg8 35. Qf4 Rc2 36. Qb8+ Kh7 37. Qb7+ Kg8 38. Qxd5+ Kh7 39. Qf7+ Kh8 40. Be5# 1-0


[Site "https://www.chess.com"]

[Event "Titled Tuesday Blitz June 29 2021"]
[White "TigrVShlyape"]
[Black "rookoco"]
[WhiteElo "2854"]
[BlackElo "2437"]
[Result "1/2-1/2"]
[Round "01"]
[TimeControl "180+1"]
[Date "2021.06.29"]
[WhiteClock "0:01:02"]
[BlackClock "0:00:33"]

1. d4 d5 2. Nf3 Nf6 3. Bf4 c6 4. e3 Nbd7 5. c4 Nb6 6. cxd5 Nbxd5 7. Be5 Bf5 8. a3 Ng4 9. Qd2 Nxe5 10. Nxe5 g6 11. Be2 Bg7 12. Nf3 O-O 13. O-O Rc8 14. Rc1 Qb6 15. b4 Rfd8 16. Nc3 Nxc3 17. Qxc3 Bg4 18. Rab1 e5 19. dxe5 Qc7 20. h3 Bxf3 21. Bxf3 Bxe5 22. Qc2 Qe7 23. Rd1 Rxd1+ 24. Rxd1 Rd8 25. Rxd8+ Qxd8 26. g3 Qd6 27. Kg2 Kg7 1/2-1/2


[Site "https://www.chess.com"]

[Event "Titled Tuesday Blitz June 29 2021"]
[White "TokChess"]
[Black "Sychev_Klementy"]
[WhiteElo "2438"]
[BlackElo "2854"]
[Result "1-0"]
[Round "01"]
[TimeControl "180+1"]
[Date "2021.06.29"]
[WhiteClock "0:00:03"]
[BlackClock "0:00:07"]

1. c4 e6 2. Nc3 d5 3. e3 Nf6 4. b3 c5 5. Nf3 d4 6. Ne2 Nc6 7. d3 e5 8. e4 Bd6 9. Ng3 O-O 10. Be2 a6 11. O-O b5 12. Nh4 g6 13. Bh6 Re8 14. Qd2 Ng4 15. Bxg4 Bxg4 16. Bg5 f6 17. Bh6 Be6 18. Qe2 Rb8 19. f4 exf4 20. Bxf4 Bxf4 21. Rxf4 g5 22. Nhf5 bxc4 23. bxc4 Ne5 24. Rf2 Rf8 25. h4 Kh8 26. Raf1 g4 27. h5 Rb6 28. Qd2 Rf7 29. Nh6 Rf8 30. Nhf5 Rc6 31. Qh6 Rf7 32. Nh4 Qf8 33. Qd2 a5 34. h6 a4 35. Nh5 a3 36. Rxf6 Rcc7 37. Qg5 Nxd3 38. e5 Qg8 39. Ng7 Bxc4 40. e6 Rxf6 41. Qxf6 Nb4 42. Nh5+ 1-0


[Site "https://www.chess.com"]

[Event "Titled Tuesday Blitz June 29 2021"]
[White "TrahtarBelarus"]
[Black "milovichalex"]
[WhiteElo "2663"]
[BlackElo "2355"]
[Result "1/2-1/2"]
[Round "01"]
[TimeControl "180+1"]
[Date "2021.06.29"]
[WhiteClock "0:00:13"]
[BlackClock "0:00:33"]

1. d4 Nf6 2. c4 e6 3. g3 d5 4. Nf3 c6 5. Bg2 Nbd7 6. O-O dxc4 7. a4 a5 8. Qc2 Nb6 9. Nbd2 Bb4 10. Nxc4 Nxc4 11. Qxc4 O-O 12. Bd2 Nd5 13. Bg5 Be7 14. Bxe7 Qxe7 15. Ne5 f6 16. Nd3 Kh8 17. Rfd1 Bd7 18. e4 b5 19. Qc5 Qxc5 20. Nxc5 Nb6 21. e5 Rac8 22. axb5 cxb5 23. Rxa5 fxe5 24. Nxd7 Nxd7 25. dxe5 Nxe5 26. Rxb5 Nc4 27. Bh3 Rb8 28. Rxb8 Rxb8 29. b3 Na5 30. Bxe6 g6 31. Bd5 Rd8 32. Kg2 Kg7 33. b4 Nc6 34. b5 Nb4 35. Bf3 Rb8 36. Rd7+ Kh6 37. Rb7 Rf8 38. b6 Nd3 39. Be2 Rxf2+ 40. Kh3 Rxe2 41. Rd7 Nc5 42. Rd5 Nb7 43. Rd7 Nc5 44. Rd5 Rc2 45. Kg4 Rc4+ 46. Kf3 Na6 47. Rb5 Nb8 48. Ke3 Rc6 49. b7 Rc7 50. Kd4 Kg7 51. Kd5 Kf7 52. Kd6 Rc6+ 53. Kd5 Ke7 54. Ra5 Rb6 55. Ra7 Kd7 56. Kc5 Kc7 57. h4 Rxb7 58. Rxb7+ Kxb7 59. Kd6 Nc6 60. Ke6 Nd4+ 61. Ke5 Nf5 62. Kf6 Nxg3 63. Kg7 Nf5+ 64. Kxh7 Nxh4 65. Kh6 Kc6 66. Kg5 Kd5 67. Kxh4 Ke6 68. Kg5 Kf7 69. Kg4 Kf6 70. Kf4 g5+ 71. Kg4 Kg6 72. Kg3 Kf5 73. Kf3 g4+ 74. Kg3 Kg5 75. Kg2 Kf4 76. Kf2 g3+ 77. Kg2 Kg4 78. Kg1 Kf3 79. Kf1 Kf4 80. Kg2 Kg4 81. Kg1 Kg5 82. Kg2 Kf4 83. Kg1 Ke3 84. Kg2 Kf4 85. Kg1 Kf3 86. Kf1 g2+ 87. Kg1 Kg3 1/2-1/2


[Site "https://www.chess.com"]

[Event "Titled Tuesday Blitz June 29 2021"]
[White "Triumphmate"]
[Black "olksuna"]
[WhiteElo "2344"]
[BlackElo "2653"]
[Result "0-1"]
[Round "01"]
[TimeControl "180+1"]
[Date "2021.06.29"]
[WhiteClock "0:00:08"]
[BlackClock "0:00:08"]

1. e4 c5 2. Nf3 e6 3. d4 cxd4 4. Nxd4 a6 5. Nc3 b5 6. f4 Bb7 7. Bd3 d6 8. Nf3 Nf6 9. a3 Be7 10. O-O Nc6 11. Kh1 Qc7 12. Qe1 O-O 13. Bd2 b4 14. axb4 Nxb4 15. Qg3 Nxd3 16. cxd3 Kh8 17. Qh3 Qb6 18. Ng5 h6 19. f5 exf5 20. exf5 Qxb2 21. Rad1 Rac8 22. Nge4 Bxe4 23. Nxe4 Kh7 24. Ng5+ Kg8 25. Ne4 Rc2 26. Bc1 Qe5 27. Bf4 Qd5 28. Bxh6 Nxe4 29. dxe4 Qxe4 30. Bc1 Bf6 31. Rf4 Rxc1 0-1


[Site "https://www.chess.com"]

[Event "Titled Tuesday Blitz June 29 2021"]
[White "Zufi1811"]
[Black "Sanan_Sjugirov"]
[WhiteElo "2449"]
[BlackElo "2943"]
[Result "0-1"]
[Round "01"]
[TimeControl "180+1"]
[Date "2021.06.29"]
[WhiteClock "0:00:05"]
[BlackClock "0:00:14"]

1. e4 c5 2. Nf3 d6 3. d4 cxd4 4. Nxd4 Nf6 5. Nc3 a6 6. g3 e5 7. Nb3 Be7 8. Bg2 O-O 9. O-O b5 10. a4 b4 11. Nd5 Nxd5 12. Qxd5 Ra7 13. Be3 Be6 14. Qd3 Rd7 15. a5 Qc8 16. Nd2 Nc6 17. Nc4 Qb7 18. Nb6 Rdd8 19. Nd5 Ra8 20. Rfc1 Bd8 21. Bb6 Bxb6 22. Nxb6 Rad8 23. Qe3 Nd4 24. Ra4 Nc6 25. Bf1 Rb8 26. Nc4 Rfd8 27. Rd1 Nd4 28. c3 bxc3 29. bxc3 Qb3 30. Rda1 Nc2 31. Qc1 Nxa1 32. Qxa1 d5 33. Nb6 dxe4 34. Rb4 Qc2 35. Qe1 Rd1 0-1


[Site "https://www.chess.com"]

[Event "Titled Tuesday Blitz June 29 2021"]
[White "andrzej"]
[Black "BahadirOzen"]
[WhiteElo "2365"]
[BlackElo "2702"]
[Result "0-1"]
[Round "01"]
[TimeControl "180+1"]
[Date "2021.06.29"]
[WhiteClock "0:00:02"]
[BlackClock "0:01:30"]

1. e4 c6 2. d4 d5 3. exd5 cxd5 4. Bd3 Nc6 5. c3 Nf6 6. Bf4 Bg4 7. Qb3 Qd7 8. Nd2 e6 9. Ngf3 Bd6 10. Bxd6 Qxd6 11. O-O O-O 12. Rae1 Ne7 13. Ne5 Bh5 14. f4 Rab8 15. Qc2 Bg6 16. Bxg6 hxg6 17. Qd3 b5 18. a3 a5 19. Ndf3 Ne4 20. Ng5 f6 21. Nxe4 dxe4 22. Qxe4 fxe5 23. fxe5 Qd5 24. Qg4 Rf5 25. Qh4 g5 26. Qh5 Rbf8 27. Rxf5 Nxf5 28. Qxg5 Qd8 29. Qg6 Qe8 30. Qg5 a4 31. Rf1 Ne7 32. Rf6 Nd5 33. Rg6 Qf7 34. h3 Qf1+ 35. Kh2 Qf4+ 36. Qxf4 Nxf4 37. Rg4 Nd3 38. Rg6 Kf7 39. Rg3 Nxb2 40. Rf3+ Ke7 41. Rg3 Rf7 42. Rd3 Nxd3 0-1


[Site "https://www.chess.com"]

[Event "Titled Tuesday Blitz June 29 2021"]
[White "bricolageur"]
[Black "Reader777"]
[WhiteElo "2385"]
[BlackElo "2725"]
[Result "1-0"]
[Round "01"]
[TimeControl "180+1"]
[Date "2021.06.29"]
[WhiteClock "0:00:09"]
[BlackClock "0:00:01"]

1. d4 Nf6 2. c4 e6 3. Nc3 Bb4 4. f3 d5 5. a3 Bxc3+ 6. bxc3 c6 7. e3 O-O 8. cxd5 cxd5 9. Bd3 b6 10. Ne2 Ba6 11. O-O Bxd3 12. Qxd3 Qc8 13. e4 Qa6 14. Qe3 Nc6 15. Ng3 Qc4 16. Bd2 Rad8 17. e5 Nd7 18. Nh5 Ne7 19. g4 Ng6 20. Be1 Rde8 21. f4 f5 22. h3 Rf7 23. Rd1 b5 24. Rd2 a5 25. Rg2 Ref8 26. Rf3 a4 27. Kh2 Qc8 28. Rfg3 Qe8 29. Rg1 Kh8 30. Bd2 Nb6 31. Qe2 Nc4 32. Bc1 Qe7 33. Qg2 Qe8 34. Qe2 Ne7 35. Qg2 Rg8 36. Rf3 Qf8 37. Qf2 g6 38. Nf6 Rxf6 39. exf6 Qxf6 40. Re1 Nc8 41. Qe2 Re8 42. g5 Qf7 43. h4 N8d6 44. h5 Ne4 45. Rh3 Kg7 46. Rh1 Kf8 47. Kg2 Ke7 48. hxg6 Qxg6 49. Rxh7+ Kd6 50. R1h6 Qg8 51. Qh5 Re7 52. Rh8 Qg7 53. R6h7 Qxh7 54. Rxh7 1-0


[Site "https://www.chess.com"]

[Event "Titled Tuesday Blitz June 29 2021"]
[White "chesslh19"]
[Black "AlexPapasimakopoulos"]
[WhiteElo "2350"]
[BlackElo "2660"]
[Result "0-1"]
[Round "01"]
[TimeControl "180+1"]
[Date "2021.06.29"]
[WhiteClock "0:00:03"]
[BlackClock "0:00:46"]

1. e4 e6 2. d4 d5 3. exd5 exd5 4. Bd3 Nc6 5. c3 Bd6 6. Nf3 Bg4 7. O-O Nge7 8. Bg5 f6 9. Bh4 h5 10. Bg3 h4 11. Bxd6 Qxd6 12. Nbd2 O-O-O 13. b4 Bf5 14. Qc2 Qf4 15. b5 Na5 16. Rfe1 Bxd3 17. Qxd3 Qf5 18. Qxf5+ Nxf5 19. a4 Rde8 20. Kf1 Rxe1+ 21. Rxe1 Kd7 22. Re2 a6 23. Ke1 axb5 24. axb5 Ra8 25. Kd1 g5 26. Kc2 Nd6 27. Re1 Nxb5 28. g3 hxg3 29. hxg3 Rh8 30. Nb3 Na3+ 31. Kb2 N3c4+ 32. Kc2 Nxb3 33. Kxb3 Ra8 34. Re2 Ra3+ 35. Kc2 Nd6 36. Nd2 Nb5 37. Nb1 Ra1 38. f4 Rxb1 39. fxg5 Na3+ 40. Kd3 Rd1+ 41. Ke3 fxg5 42. Kf3 Rd3+ 43. Kg4 Nb5 44. Re5 Nxc3 45. Rxg5 Rxg3+ 46. Kxg3 Ne4+ 47. Kf4 Nxg5 48. Kxg5 Ke6 0-1


[Site "https://www.chess.com"]

[Event "Titled Tuesday Blitz June 29 2021"]
[White "elindisguise"]
[Black "Murad_Ibrahimli"]
[WhiteElo "2420"]
[BlackElo "2835"]
[Result "0-1"]
[Round "01"]
[TimeControl "180+1"]
[Date "2021.06.29"]
[WhiteClock "0:01:42"]
[BlackClock "0:02:08"]

1. d4 Nf6 2. Bf4 e6 3. e3 Bd6 4. Bxd6 cxd6 5. Nf3 O-O 6. Be2 b6 7. O-O Bb7 8. a4 Nc6 9. Nbd2 Qe7 10. Nc4 d5 11. Nce5 Na5 12. c3 d6 13. Nd3 Ne4 14. Nd2 Nxd2 15. Qxd2 Nb3 16. Qc2 Nxa1 17. Rxa1 a5 18. f4 Ba6 19. Rf1 f5 20. g4 fxg4 21. Bxg4 Rf6 22. Kh1 Raf8 23. Rg1 Kh8 24. b4 Rh6 25. b5 Bc8 26. Qg2 g6 27. Bf3 Qh4 28. Nf2 e5 29. dxe5 dxe5 30. Bxd5 exf4 31. exf4 Rxf4 0-1


[Site "https://www.chess.com"]

[Event "Titled Tuesday Blitz June 29 2021"]
[White "emiliochess"]
[Black "JonahWillow"]
[WhiteElo "2364"]
[BlackElo "2701"]
[Result "0-1"]
[Round "01"]
[TimeControl "180+1"]
[Date "2021.06.29"]
[WhiteClock "0:00:11"]
[BlackClock "0:00:05"]

1. d4 Nf6 2. Bf4 e6 3. e3 c5 4. Nf3 cxd4 5. exd4 b6 6. c3 Be7 7. Bd3 O-O 8. Nbd2 Bb7 9. O-O d6 10. Re1 Re8 11. Ne4 Nxe4 12. Bxe4 Bxe4 13. Rxe4 d5 14. Re3 Nc6 15. Ne5 Nxe5 16. dxe5 Rc8 17. Rh3 g6 18. Qg4 Rc4 19. b3 Rc7 20. Rd1 Rd7 21. Be3 f5 22. Qa4 Bc5 23. Qf4 Qc7 24. Bxc5 bxc5 25. Rhd3 Rb8 26. h4 Rg7 27. Kh2 a5 28. g3 Ra8 29. Qe3 a4 30. b4 c4 31. Rd4 Rb8 32. a3 Rf8 33. Re1 Kf7 34. Qg5 Qd7 35. Red1 Qe8 36. Kg2 Kg8 37. Qh6 Qe7 38. Rh1 Rb8 39. Rf4 Qc7 40. Re1 Rf8 41. Rd4 Qb6 42. Qe3 Qd8 43. Rh1 Kf7 44. Rf4 h6 45. Qa7+ Kg8 46. Qxa4 Qc7 47. Re1 g5 48. hxg5 hxg5 49. Rf3 Rh7 50. Qa6 Re8 51. Qd6 Qg7 52. Rh1 Rxh1 53. Kxh1 Qh6+ 54. Kg1 Qh5 55. Qd7 Kf8 56. Re3 f4 57. Re1 f3 58. Re3 g4 59. Qd6+ Kg8 60. Qd7 Kf8 61. Qd6+ Re7 62. Qd8+ Kf7 63. Rxf3+ gxf3 64. Kf1 Qh1# 0-1


[Site "https://www.chess.com"]

[Event "Titled Tuesday Blitz June 29 2021"]
[White "emperor87"]
[Black "LEGENYA1998"]
[WhiteElo "2790"]
[BlackElo "2412"]
[Result "1-0"]
[Round "01"]
[TimeControl "180+1"]
[Date "2021.06.29"]
[WhiteClock "0:01:07"]
[BlackClock "0:00:29"]

1. Nf3 b6 2. g3 Bb7 3. Bg2 e6 4. O-O d6 5. d4 Nf6 6. c4 Be7 7. Nc3 Ne4 8. Bd2 O-O 9. Qc2 Nxd2 10. Nxd2 Bxg2 11. Kxg2 Bf6 12. Nf3 Nd7 13. e4 c5 14. d5 Bxc3 15. Qxc3 exd5 16. exd5 Nf6 17. Rfe1 Qd7 18. a3 Rfe8 19. b4 Rxe1 20. Rxe1 Re8 21. Rxe8+ Qxe8 22. bxc5 bxc5 23. Qa5 Qe7 24. Qa6 h6 25. a4 Ne4 26. a5 Nf6 27. Qc6 g6 28. a6 Qe2 29. Qc8+ Kg7 30. Ng1 Qe4+ 31. Nf3 Qe2 32. Ng1 Qe4+ 33. f3 Qc2+ 34. Kh1 Qxc4 35. Qb7 Qxd5 36. Qxa7 c4 37. Qc7 Ng4 38. a7 Ne5 39. Qb8 Nc6 40. a8=Q 1-0


[Site "https://www.chess.com"]

[Event "Titled Tuesday Blitz June 29 2021"]
[White "enriquetejedor"]
[Black "Aleksandar-Topalov"]
[WhiteElo "2649"]
[BlackElo "2341"]
[Result "1/2-1/2"]
[Round "01"]
[TimeControl "180+1"]
[Date "2021.06.29"]
[WhiteClock "0:00:04"]
[BlackClock "0:00:08"]

1. e4 e6 2. d4 d5 3. exd5 exd5 4. Bd3 Bd6 5. c3 Ne7 6. Nf3 Bf5 7. O-O O-O 8. Bg5 f6 9. Bh4 c6 10. Re1 Bxd3 11. Qxd3 Na6 12. Nbd2 Nc7 13. Re2 Qd7 14. Rae1 Rae8 15. Nf1 Nf5 16. Bg3 Nxg3 17. hxg3 Rxe2 18. Rxe2 Re8 19. Ne3 g6 20. Nc2 Rxe2 21. Qxe2 Qe6 22. Qd3 Qe4 23. Qd1 Ne6 24. Nd2 Qd3 25. Ne1 Qf5 26. Nf1 Ng5 27. Ne3 Qe6 28. Nd3 Ne4 29. Qb3 b5 30. Nf1 Kg7 31. a4 a6 32. axb5 axb5 33. Qd1 h5 34. Qe1 Qd7 35. f3 Ng5 36. Nf2 Qc7 37. f4 Nf7 38. Nd3 Nh6 39. Ne3 Qe7 40. Qf2 Qe4 41. Qd2 h4 42. Nf2 Qe6 43. gxh4 Bxf4 44. Nfd1 Kh7 45. Qf2 Qe4 46. Nf1 Ng4 47. Qf3 Qf5 48. g3 Bc1 49. Qxf5 gxf5 50. Kg2 Kg6 51. Kf3 Kh5 52. Ke2 f4 53. Kf3 fxg3 54. Nxg3+ Kxh4 55. Nf5+ Kg5 56. Ne7 Nh2+ 57. Kg2 Ng4 58. Nxc6 Ne3+ 59. Nxe3 Bxe3 60. Ne7 Bc1 61. b3 Bb2 62. Nxd5 Kf5 63. Ne3+ Ke4 64. Nd1 Ba1 65. Kg3 b4 66. cxb4 Bxd4 67. Kg4 f5+ 68. Kg3 f4+ 69. Kg2 f3+ 70. Kf1 Kd3 71. Nf2+ Kc3 72. b5 Kxb3 73. Ne4 Kb4 74. Nd6 Kc5 75. Ne4+ Kxb5 76. Nd2 f2 77. Nf3 Bc5 78. Ng5 Kc4 79. Nh3 Kd3 80. Nxf2+ 1/2-1/2


[Site "https://www.chess.com"]